Map: Crimson Court LE

Players

xBenx

  • Race: Zerg Zerg
  • League: Gold
  • Spawn Location: 1:00

LeeMorgan - Winner!

  • Race: Protoss Protoss
  • League: Gold
  • Spawn Location: 7:00

VOD

Have the link to the VOD?

Description

xBenx vs LeeMorgan

Time

  • Played on: April 2, 2024, 12:55 p.m.
  • Length: 12:40
Show
View Real Time Build Order
Export as new Build Order

xBenx Zerg 

Build Orders: Hatch First 

Get SALT Encoding   

  12  0:03  Drone  
  13  0:11  Drone  
  14  0:19  Overlord  
  14  0:32  Extractor  
  14  0:33  Drone  
  14  0:38  Drone  
  15  1:03  Drone x2  
  15  1:04  Hatchery  
  16  1:10  Drone  
  17  1:21  Spawning Pool  
  16  1:35  Drone x2  
  18  2:07  Drone x3  
  20  2:11  Roach Warren  
  19  2:15  Queen  
  19  2:20  Queen  
  23  2:26  Drone  
  23  2:28  Drone  
  25  2:36  Zergling x2, Drone  
  27  2:43  Overlord  
  27  3:00  Lair  
  27  3:01  Queen  
  29  3:09  Drone x3  
  32  3:20  Roach x2  
  36  3:27  Overlord x2  
  36  3:46  Zergling x6, Roach x2  
  36  3:47  Roach  
  44  3:53  Drone  
  44  3:54  Extractor  
  44  3:55  Drone  
  45  4:08  Drone  
  46  4:12  Hatchery  
  45  4:22  Infestation Pit  
  45  4:23  Roach  
  45  4:24  Zergling x2, Roach  
  48  4:30  Burrow  
  46  4:50  Zergling x6, Roach  
  46  4:52  Overlord  
  51  5:02  Overlord  
  51  5:07  Spore Crawler  
  51  5:11  Spore Crawler  
  51  5:12  Drone x3  
  52  5:19  Zergling x2, Roach  
  55  5:22  Drone  
  55  5:27  Spore Crawler  
  55  5:33  Metabolic Boost  
  55  5:36  Extractor  
  55  5:37  Drone  
  55  5:44  Drone  
  56  5:58  Hive  
  56  5:59  Drone x3  
  59  6:29  Drone x6  
  59  6:32  Zergling x6  
  68  6:36  Glial Reconstitution  
  68  6:42  Drone x5  
  68  6:43  Extractor  
  72  6:48  Queen  
  72  6:51  Extractor, Spore Crawler  
  65  7:17  Overlord x2  
  65  7:18  Overlord  
  65  7:25  Spine Crawler  
  65  7:27  Spine Crawler  
  62  7:35  Hatchery  
  47  7:42  Zergling x2  
  47  7:43  Zergling x4, Roach x5  
  54  7:46  Infestor  
  56  7:52  Drone x2  
  58  8:24  Ultralisk Cavern  
  57  8:30  Nydus Network  
  56  8:38  Drone  
  56  8:39  Drone x17  
  74  8:42  Extractor  
  74  8:46  Overlord  
  73  9:01  Pneumatized Carapace  
  73  9:02  Tunneling Claws  
  73  9:05  Adrenal Glands  
  73  9:10  Drone x2  
  73  9:11  Drone, Queen  
  78  9:27  Ultralisk  
  78  9:29  Drone x4  
  88  9:57  Nydus Canal  
  69  10:12  Zergling x6, Roach x2  
  69  10:13  Zergling x14, Roach x2, Ultralisk  
  85  10:16  Nydus Canal  
  85  10:25  Drone x3  
  83  10:39  Nydus Canal  
  83  10:42  Zergling x4  
  86  10:43  Ultralisk  
  70  10:59  Roach x2  
  70  11:17  Nydus Canal  
  62  11:19  Roach x2  
  62  11:23  Zergling x6  
  62  11:24  Zergling x10  
  62  11:25  Zergling x24  
  51  11:41  Zergling x2  
  51  11:42  Zergling x4, Roach x3  
  54  11:53  Nydus Canal  
Show
View Real Time Build Order
Export as new Build Order

LeeMorgan Protoss - Winner!

Build Orders:  

Get SALT Encoding   

  12  0:02  Probe  
  13  0:14  Probe  
  14  0:22  Pylon  
  14  0:27  Probe  
  15  0:40  Probe  
  16  0:43  Gateway  
  16  0:47  Assimilator  
  16  0:52  Probe (Chrono Boost)  
  17  1:01  Assimilator  
  18  1:04  Probe (Chrono Boost)  
  18  1:10  Probe (Chrono Boost)  
  19  1:19  Probe  
  20  1:31  Probe  
  21  1:43  Probe  
  21  1:44  Cybernetics Core  
  22  1:52  Pylon  
  22  1:55  Probe  
  22  2:07  Probe  
  23  2:10  Zealot (Chrono Boost)  
  23  2:12  Gateway  
  25  2:17  Warp Gate (Chrono Boost)  
  25  2:19  Probe  
  26  2:31  Probe  
  27  2:39  Nexus  
  27  2:43  Probe  
  30  2:53  Adept  
  30  3:09  Pylon  
  30  3:10  Probe  
  31  3:18  Twilight Council  
  31  3:20  Gateway  
  31  3:24  Pylon  
  31  3:27  Adept (Chrono Boost)  
  31  3:28  Probe  
  34  3:40  Probe  
  35  3:52  Probe  
  36  3:57  Probe, Charge (Chrono Boost)  
  37  4:04  Probe  
  39  4:10  Probe  
  39  4:13  Stalker x2  
  39  4:16  Probe  
  44  4:19  Gateway  
  44  4:25  Robotics Facility  
  44  4:26  Probe  
  44  4:28  Probe  
  46  4:48  Probe  
  46  4:49  Probe  
  46  4:50  Stalker x2  
  46  4:51  Stalker  
  50  4:55  Shield Battery  
  50  4:58  Shield Battery  
  50  5:03  Gateway  
  50  5:05  Gateway  
  50  5:07  Gateway  
  50  5:10  Probe x2  
  50  5:11  Observer (Chrono Boost)  
  52  5:18  Blink (Chrono Boost)  
  53  5:25  Forge  
  53  5:33  Immortal  
  57  5:41  Robotics Facility  
  57  5:43  Probe x2  
  57  5:44  Robotics Bay  
  57  5:47  Assimilator  
  57  5:49  Assimilator  
  59  5:58  Pylon  
  59  6:03  Pylon  
  59  6:07  Stalker  
  61  6:13  Pylon  
  61  6:15  Pylon  
  61  6:18  Probe x2  
  63  6:30  Colossus (Chrono Boost), Probe  
  64  6:33  Colossus (Chrono Boost)  
  76  6:42  Protoss Ground Weapons Level 1 (Chrono Boost)  
  76  6:53  Zealot x5  
  76  6:54  Zealot  
  86  7:17  Extended Thermal Lance (Chrono Boost)  
  86  7:28  Pylon  
  86  7:31  Pylon  
  82  7:48  Zealot x7  
  96  7:56  Warp Prism (Chrono Boost)  
  97  8:23  Colossus (Chrono Boost)  
  103  8:39  Nexus, Probe x2  
  103  8:40  Pylon  
  105  8:42  Zealot x2  
  105  8:43  Pylon  
  109  8:50  Pylon  
  109  8:51  Probe  
  109  8:54  Pylon  
  109  8:55  Pylon  
  110  8:56  Templar Archives  
  110  8:58  Probe  
  110  9:02  Zealot x5  
  121  9:03  Probe  
  122  9:10  Probe  
  122  9:16  Protoss Ground Weapons Level 2 (Chrono Boost)  
  123  9:35  High Templar x7  
  137  9:39  Archon x3  
  137  10:18  Stalker x7  
  142  10:47  Stalker x7  
  150  11:22  Stalker x3  
  150  11:23  Stalker x3  
Tags
 
Add a new tag
Caveats
  • Supply blocks, unpowered buildings, or Contaminate may cause inaccurate times.
  • Supply counts are checked every 10 seconds.